 Dungeon Crawl Stone Soup version 0.19-a0-1821-g42c593c (console) character file.

860 brucemayne the Cleaver (level 8, -11/66 HPs)
             Began as a Hill Orc Monk on Oct 6, 2016.
             Was a Believer of Makhleb.
             Killed from afar by Maurice (20 damage)
             ... with a wand of lightning
             ... on level 9 of the Dungeon.
             The game lasted 00:10:12 (1646 turns).

brucemayne the Cleaver (Hill Orc Monk)              Turns: 1646, Time: 00:10:13

Health: -11/66     AC:  9    Str: 16    XL:     8   Next: 2%
Magic:  10/10      EV:  7    Int: 10    God:    Makhleb [**....]
Gold:   117        SH:  5    Dex: 13    Spells: 0 memorised, 7 levels left

rFire  . . .     SeeInvis .     x - +0 war axe
rCold  + . .     Gourm    .     y - +0 chain mail
rNeg   . . .     Faith    .     k - +0 buckler
rPois  .         Spirit   .     (no helmet)
rElec  .         Dismiss  .     (no cloak)
rCorr  .         Reflect  .     j - +0 pair of gloves
MR     .....     Harm     .     (no boots)
Stlth  ..........               (no amulet)
                                s - ring of protection from cold
                                d - ring of flight

@: no status effects
A: no striking features
a: Minor Destruction, Renounce Religion, Evoke Flight


You were on level 9 of the Dungeon.
You worshipped Makhleb.
Makhleb was pleased with you.
You were not hungry.

You visited 2 branches of the dungeon, and saw 10 of its levels.

You collected 117 gold pieces.

Inventory:

Hand Weapons
 m - a +0 whip
 x - a +0 war axe (weapon)
 z - a +2 falchion of slicing
Armour
 b - a +0 robe
 g - a +0 ring mail
 j - a +0 pair of gloves (worn)
 k - a +0 buckler (worn)
 p - a +0 scale mail
 y - a +0 chain mail (worn)
Magical Staves
 r - an uncursed staff of air {unknown}
Jewellery
 d - a ring of flight (left hand)
 s - a ring of protection from cold (right hand)
Wands
 o - a wand of digging (22/24)
Scrolls
 v - a scroll of fog {unknown}
 w - a scroll of random uselessness {unknown}
Potions
 u - a potion of lignification
Comestibles
 c - 2 bread rations
 f - 4 chunks of flesh
 n - a beef jerky


   Skills:
 - Level 4.0 Fighting
 + Level 9.7 Axes
 - Level 2.4 Dodging
 - Level 2.1 Stealth
 - Level 4.1 Shields
 + Level 3.8 Invocations


You had 7 spell levels left.
You didn't know any spells.

Dungeon Overview and Level Annotations

Branches:
Dungeon (9/15)             Temple (1/1) D:6
   Lair: D:8-11         Orc: D:9-12

Altars:
Hepliaklqana
Makhleb
Nemelex Xobeh
Qazlal
Uskayaw
The Shining One

Annotations:
D:9 Maurice


Message History

The scorpion poisons you! Something hits you.
* * * LOW HITPOINT WARNING * * *
Something steals your +0 hand axe!
You are more poisoned.
* * * LOW HITPOINT WARNING * * *
You feel very sick.
You feel better. You block the scorpion's attack.
Okay, then.
Evoke which item? (* to show all) (? for menu, Esc to quit)
Okay, then.
You hear some strange, mumbled words.
You hear a zap.
A bolt of lightning appears from out of thin air!
The bolt of lightning hits you!
* * * LOW HITPOINT WARNING * * *
There is a stone staircase leading up, spattered with blood here.
You hear a zap.
A bolt of lightning appears from out of thin air!
The bolt of lightning hits you!
You die...

#########+##############
........................
#.....####..........#
#.....# #..####@...#
......# #.....s....#
......####ยง.........#
.......................
#######################


You could see a scorpion.

Vanquished Creatures
  A water moccasin (D:8)
  A sky beast (D:6)
  A necrophage (D:6)
  A phantom (D:7)
  A centaur (D:7)
  A big kobold (D:8)
  A bullfrog (D:6)
  A crimson imp (D:6)
  A bullfrog skeleton (D:4)
  3 orc wizards (D:6)
  An iguana (D:7)
  2 worker ants
  An adder (D:7)
  2 oozes
  A worm (D:2)
  5 leopard geckos
  9 orcs
  2 bats (D:1)
  2 giant cockroaches
  A goblin (D:2)
  A hobgoblin (D:2)
  3 kobolds (D:8)
  A quokka (D:8)
  2 rats
45 creatures vanquished.

Notes
Turn   | Place    | Note
-------+----------+-------------------------------------------
     0 | D:1      | brucemayne the Hill Orc Monk began the quest for the Orb.
     0 | D:1      | Reached XP level 1. HP: 19/19 MP: 1/1
    27 | D:1      | Reached XP level 2. HP: 18/26 MP: 2/2
   314 | D:2      | Reached skill level 5 in Axes
   370 | D:3      | Reached XP level 3. HP: 27/31 MP: 3/3
   434 | D:4      | Reached skill level 1 in Shields
   488 | D:4      | Reached XP level 4. HP: 21/39 MP: 4/4
   556 | D:5      | Entered Level 5 of the Dungeon
   595 | D:5      | Found a hazy altar of Hepliaklqana.
   679 | D:6      | Found a staircase to the Ecumenical Temple.
   686 | Temple   | Entered the Ecumenical Temple
   696 | Temple   | Became a worshipper of Makhleb the Destroyer
   696 | Temple   | Reached * piety under Makhleb
   696 | Temple   | Reached ** piety under Makhleb
   733 | D:6      | Reached skill level 6 in Axes
   733 | D:6      | Reached XP level 5. HP: 30/45 MP: 5/5
   804 | D:6      | Noticed a sky beast
   832 | D:6      | Killed a sky beast
   832 | D:6      | Reached XP level 6. HP: 22/51 MP: 6/6
   854 | D:6      | Noticed a necrophage
   874 | D:6      | Killed a necrophage
   874 | D:6      | Reached skill level 7 in Axes
   909 | D:7      | Noticed a hungry ghost
  1102 | D:6      | Noticed an orc warrior
  1149 | D:7      | Noticed a phantom
  1186 | D:7      | Killed a phantom
  1186 | D:7      | Reached skill level 8 in Axes
  1186 | D:7      | Reached XP level 7. HP: 52/59 MP: 7/7
  1260 | D:7      | Reached skill level 1 in Invocations
  1454 | D:8      | Noticed Maurice
  1490 | D:8      | Reached skill level 9 in Axes
  1546 | D:7      | Reached XP level 8. HP: 17/66 MP: 10/10
  1646 | D:9      | Killed from afar by Maurice

Vault maps used:
D:1:      minmay_arrival_five_plusses, serial_park_tiny_2
D:2:      serial_co_window_serial, co_window_corner_a, co_window_paths_a,
          co_window_of_opportunity_a, co_window_corner_a,
          co_window_of_opportunity_a, co_window_of_opportunity_c,
          co_window_broadway_a, co_window_cross_4, co_window_paths_c,
          co_window_2corner, co_window_4corner_b, glass_columns_a,
          glass_columns_a, glass_columns_b, glass_columns_a
D:3:      first_bread
D:4:      corexii_hall_statues_l, uniq_crazy_yiuf_cottage
D:5:      wad_river_or_something, marbit_many_paths, minmay_crystal_room,
          lemuel_tele_altar
D:6:      serial_shops, nicolae_shop_stone, lightli_minifort
D:8:      hangedman_ranch, uniq_maurice
D:9:      nrook_guardian_serpent_double, uniq_grum
Temple:   regret_index_temple_chain_breaker

Skill      XL: |  1  2  3  4  5  6  7 |
---------------+----------------------+-----
Stealth        | 2 |  2.1
Axes           | 5 6 8 9 |  9.7
Shields        | 2 3 4 |  4.1
Fighting       | 4 |  4.0
Invocations    | 3 |  3.8
Dodging        | |  2.4

Action                   |  1- 3 |  4- 6 |  7- 9 || total
-------------------------+-------+-------+-------++-------
Melee: Hand axe          |    74 |    95 |       ||   169
       War axe           |       |    17 |   133 ||   150
Invok: Minor Destruction |       |     2 |       ||     2
  Use: Scroll            |       |       |     8 ||     8
       Potion            |       |       |     2 ||     2
 Stab: Sleeping          |     1 |       |       ||     1
  Eat: Chunk             |       |     1 |     2 ||     3
Armor: Robe              |    12 |       |       ||    12
       Ring mail         |     8 |     1 |       ||     9
       Scale mail        |       |    21 |       ||    21
       Chain mail        |       |     5 |    53 ||    58
Dodge: Dodged            |    51 |    30 |    32 ||   113
Block: Buckler           |     4 |    21 |    29 ||    54
